 Dungeon Crawl Stone Soup version 0.30-a0-948-g4fa250aae5 (webtiles) character file.

Game seed: 77200707480215058

403 Zonian the Ducker (level 6, -4/38 HPs)
             Began as a Tengu Gladiator on Mar 26, 2023.
             Was an Initiate of Ashenzari.
             Slain by an ogre
             ... wielding a +0 giant club
              (35 damage)
             ... on level 4 of the Dungeon.
             The game lasted 00:05:05 (3215 turns).

Zonian the Ducker (Tengu Gladiator)                 Turns: 3215, Time: 00:05:06

Health: -4/38      AC:  3    Str: 16    XL:     6   Next: 86%
Magic:  7/7        EV: 17    Int:  8    God:    Ashenzari [......]
Gold:   36         SH:  0    Dex: 16    Spells: 5/5 levels left

rFire   . . .      SeeInvis .      - Unarmed
rCold   . . .      Faith    .    (no shield)
rNeg    . . .      Spirit   .    a - +0 leather armour
rPois   .          Reflect  .    b - +0 hat
rElec   .          Rampage  .    (no cloak)
rCorr   .                        (no gloves)
Will    .....                    (boots unavailable)
Stlth   +                        (no amulet)
HPRegen 0.26/turn                (no ring)
MPRegen 0.10/turn                (no ring)

@: flying quickly and evasively, quick
A: beak, talons 3, nimble flight
a: Renounce Religion, Curse Item


You were on level 4 of the Dungeon.
You worshipped Ashenzari.
Ashenzari was noncommittal.
You visited 1 branch of the dungeon, and saw 4 of its levels.
You also visited: Sewer.

You collected 64 gold pieces.
You spent 28 gold pieces at shops.

Inventory:

Missiles
 c - 3 throwing nets
 d - a javelin
 g - 4 boomerangs
 j - 41 stones (quivered)
Armour
 a - a +0 leather armour (worn)
 b - a +0 hat (worn)
 w - a +0 helmet
Jewellery
 o - a ring of resist corrosion
 s - a ring of flight
Wands
 k - a wand of acid (6)
Scrolls
 e - 4 scrolls of identify {unknown}
 f - a scroll of fog {unknown}
 i - 2 scrolls of blinking {unknown}
 p - 2 scrolls of enchant armour {unknown}
 r - 2 scrolls of butterflies {unknown}
 u - a scroll of brand weapon {unknown}
 v - a scroll of teleportation {unknown}
Potions
 h - 4 potions of heal wounds {unknown}
 l - 3 potions of curing {unknown}
 m - 2 potions of attraction {unknown}
 n - a potion of lignification {unknown}
 q - 2 potions of mutation {unknown}
 t - 2 potions of berserk rage {unknown}


   Skills:
 + Level 4.3 Fighting
 - Level 2.1 Throwing
 + Level 5.4 Dodging
 + Level 5.3 Unarmed Combat


You had 5 spell levels left.
You didn't know any spells.
Your spell library contained the following spells:

 Spells                   Type           Power      Damage    Failure   Level
 Ignite Poison            Fire/Tmut/Pois 0%         N/A       85%         3
 Kindle Blastsparks       Fire/Tloc/Air  0%         2d10      85%         3
 Freezing Cloud           Conj/Ice/Air   0%         6-21      100%        5


Dungeon Overview and Level Annotations

Branches:
Dungeon (4/15)              Sewer (visited)
 Temple: D:4-7

Altars:
Ashenzari
Okawaru

Shops:
D:3 *


Innate Abilities, Weirdness & Mutations

You have a beak for a mouth.
You have claws for feet.
Your magical nature lets you fly swiftly and evasively.


Message History

Done exploring.
Unknown command.
(D) Dungeon
Where to? (Enter - D:3, ? - help)
Things that are here:
a +0 club; a +0 leather armour You see here an adder skeleton.
Things that are here:
a +0 club; a +0 ring mail; an orc skeleton
There is a stone staircase leading down here.
You fly downwards.
Found 12 gold pieces.
There is a stone staircase leading up here.
There are monsters nearby!
Unknown command.
Found 12 gold pieces and a Young Poisoner's Handbook.
Found 16 gold pieces.
The howler monkey howls!
The ogre shouts!
The howler monkey misses you.
You hit the ogre but do no damage. The ogre barely misses you.
The howler monkey misses you.
You completely miss the ogre. You claw the ogre.
The ogre is lightly wounded.
The howler monkey barely misses you. The ogre misses you.
You hit the ogre. You claw the ogre.
The ogre is heavily wounded.
The howler monkey barely misses you.
You hit the ogre but do no damage. You claw the ogre.
The ogre is severely wounded.
The howler monkey misses you. The ogre misses you.
You hit the ogre. You claw the ogre, but do no damage.
Your peck misses the ogre.
The ogre is severely wounded.
The howler monkey barely misses you.
You hit the ogre. You claw the ogre, but do no damage.
The ogre is almost dead.
The howler monkey hits you!
The ogre hits you with a +0 giant club!!
Ouch! That really hurt!
You die...

#### ##...
.... #..
###.# # .
#..<####.#..$
#.##.......#
.. #.@O..$##
#..
#....h.###
#.. #.#....#
.. #$.#....#
. #. #....#
:. ###.## .#
.. .#


You could see an ogre and a howler monkey.

Vanquished Creatures
  Grinder (D:3)
  An orc priest (D:3)
  A hell rat (Sewer)
  6 adders
  3 river rats (Sewer)
  A worm (D:2)
  3 dart slugs
  3 orcs (D:3)
  6 ball pythons
  6 bats
  5 endoplasms
  9 goblins
  7 hobgoblins
  3 jackals (D:1)
  A quokka (D:1)
  5 frilled lizards
  8 kobolds
  8 rats
77 creatures vanquished.

Notes
Turn   | Place    | Note
-------+----------+-------------------------------------------
     0 | D:1      | Zonian the Tengu Gladiator began the quest for the Orb.
     0 | D:1      | Reached XP level 1. HP: 12/12 MP: 2/2
    56 | D:1      | Reached XP level 2. HP: 17/17 MP: 3/3
   469 | D:1      | Reached XP level 3. HP: 21/22 MP: 4/4
  1197 | D:2      | Reached XP level 4. HP: 27/27 MP: 5/5
  1279 | D:2      | Found a broken altar of Ashenzari.
  1295 | D:2      | Became a worshipper of Ashenzari the Shackled
  1780 | D:3      | Found an iron altar of Okawaru.
  1945 | D:3      | Found a glowing drain.
  1966 | Sewer    | Entered a sewer
  1974 | Sewer    | Gained mutation: Your magical nature lets you fly swiftly
                  | and evasively. [Tengu growth]
  1974 | Sewer    | Reached XP level 5. HP: 19/32 MP: 6/6
  2302 | D:3      | Found Kyadamim's Assorted Antiques.
  2310 | D:3      | Bought a scroll labelled QUMIKE OCKEOGEOGG for 28 gold
                  | pieces
  2310 | D:3      | Noticed Grinder
  2590 | D:3      | Killed Grinder
  2591 | D:3      | Reached skill level 5 in Dodging
  2591 | D:3      | Reached skill level 5 in Unarmed Combat
  2591 | D:3      | Reached XP level 6. HP: 13/38 MP: 7/7
  3215 | D:4      | Slain by an ogre

Illustrated notes

Levels and vault maps discovered:
D:1:      nicolae_arrival_washed_ashore, layout_rooms, serial_curves,
          eino_curves_02, eino_curves_02, minmay_distorted
D:2:      layout_rooms, basic_altar
D:3:      layout_rooms, okawaru_trees_1, serial_shops, shop, serial_curves,
          eino_curves_03, eino_curves_01, portal_sewer_entry_d, uniq_grinder
D:4:      layout_rooms, minmay_misc_feat_ornament, minmay_curled_crystal,
          hangedman_abyss_or_decor_lesser_grid, uniq_crazy_yiuf_cottage

Skill      XL: |  1  2  3  4  5 |
---------------+----------------+-----
Dodging        | 4 5 |  5.4
Unarmed Combat | 4 5 |  5.3
Fighting       | 3 4 |  4.3
Throwing       | |  2.1

Action                     |  1- 3 |  4- 6 || total
---------------------------+-------+-------++-------
  Melee: Unarmed           |    91 |   132 ||   223
         Kick              |    22 |    33 ||    55
         Peck              |    11 |    18 ||    29
         Punch             |     2 |     1 ||     3
  Throw: Stone             |       |     2 ||     2
  Evoke: Wand              |       |     2 ||     2
   Stab: Sleeping          |     1 |       ||     1
 Armour: Leather armour    |    22 |    26 ||    48
  Dodge: Dodged            |    45 |    79 ||   124

Table legend: (Time is in decaauts)
 A = Elapsed time spent in this place.
 B = Non-inter-level travel time spent in this place.
 C = Inter-level travel time spent in this place.
 D = Time resting spent in this place.
 E = Time spent auto-exploring this place.
 F = Levels seen in this place.
 G = Mean time per level.
                   A        B        C        D        E       F      G
               +--------+--------+--------+--------+--------+-----+--------+
         Total |   3157 |   3078 |     79 |   1064 |   1364 |   5 |  631.4 |
       Dungeon |   2867 |   2788 |     79 |    912 |   1292 |   4 |  716.8 |
         Sewer |    289 |    289 |      0 |    152 |     71 |   1 |  289.0 |
               +--------+--------+--------+--------+--------+-----+--------+

Top non-repeatable levels by time:
     D:2: 1231 daAuts
     D:3: 856 daAuts
     D:1: 772 daAuts
   Sewer: 289 daAuts
     D:4: 7 daAuts
